AoeStats
← Dieguin

Arabia

507493649Analyzed
1v1 RM · 14d ago on Sep 18, 2026· 45m 58s· 2 players
Game mode
Random Map
Map size
Tiny (2 player)
Population
200
Speed
Normal
Resources
Standard
Victory
Conquest
Starting age
Dark Age
Ending age
Imperial Age
RankedLock teamsTeams togetherTeam positionsShared explorationLock speedFull tech treeHidden civsTurbo modeCheats
Victory
Defeat
🇨🇳 Koreans · China
776
+14
🇨🇴 Romans · Colombia
740
-14
Dieguin
6:35 Loom
12:23 Feudal Age
12:26 Man-at-Arms
16:40 Scale Mail Armor
23:55 Castle Age
22:42 Horse Collar
22:57 Double-Bit Axe
23:21 Fletching
24:13 Padded Archer Armor
24:10 Long Swordsman
24:13 Elite Skirmisher
25:24 Forging
28:46 Scale Barding Armor
31:06 Bloodlines
39:56 Husbandry
42:28 Chain Barding Armor
42:25 Chain Mail Armor
47:42 Imperial Age
梅川酷子
6:45 Loom
11:42 Feudal Age
12:53 Double-Bit Axe
12:49 Horse Collar
18:42 Castle Age
16:49 Fletching
18:48 Wheelbarrow
20:14 Bow Saw
22:19 Husbandry
28:14 Ballistics
27:35 Treadmill Crane
30:39 Squires
30:25 Gambesons
30:40 Squires
31:48 Sanctity
31:38 Fervor
33:21 Hand Cart
34:59 Pikeman
37:38 Light Cavalry
38:35 Murder Holes
38:22 Treadmill Crane
42:45 Imperial Age
40:02 Town Watch
40:57 Masonry
41:03 Town Patrol
42:01 Bodkin Arrow
42:18 Scale Barding Armor
42:23 Forging
42:13 Scale Mail Armor
42:43 Thumb Ring
43:23 Chain Barding Armor
42:57 Halberdier
44:17 Iron Casting
43:43 Bracer
44:00 Chain Mail Armor
45:17 Two-Man Saw
44:20 Heavy Plow
44:48 Conscription
43:51 Elite War Wagon
44:26 Capped Ram
46:17 Chemistry
Connection lost

Rejoining the realm…

Still unreachable

The connection could not be restored.

Session expired

The server has moved on; the page needs a fresh start.